 Dungeon Crawl Stone Soup version 0.31.0-12-g77e489cdc1 (webtiles) character file.

Game seed: 11529921377085543001

110105 Agnarh the Eclecticist (level 16, -16/97 HPs)
             Began as a Deep Elf Conjurer on Feb 21, 2024.
             Was a High Priest of Vehumet.
             Killed from afar by a shock serpent (26 damage)
             ... with a bolt of electricity
             ... on level 2 of the Snake Pit on Feb 26, 2024.
             The game lasted 03:19:54 (35205 turns).

Agnarh the Eclecticist (Deep Elf Conjurer)         Turns: 35205, Time: 03:19:55

Health: -16/97     AC: 13    Str:  6    XL:     16   Next: 6%
Magic:  27/42      EV: 18    Int: 32    God:    Vehumet [*****.]
Gold:   1227       SH:  0    Dex: 13    Spells: 9/56 levels left

rFire   + . .        r - +1 quarterstaff of the Mind {flame, rC+ rN+ rCorr}
rCold   + + +        (shield currently unavailable)
rNeg    + + .        x - +4 skin of Zhor {*Englaciate rC+++ SInv}
rPois   +            S - +2 helmet
rElec   .            T - +0 cloak
rCorr   +            (no gloves)
SInv    +            a - +2 pair of boots
Will    +....        n - amulet "Ylatyuc" {Faith +Blink rPois rC+ Int+2}
Stlth   ++++         H - ring of protection from fire
HPRegen 0.36/turn    C - ring of positive energy
MPRegen 0.28/turn

%: faith
@: no status effects
A: no striking features
a: Renounce Religion, Evoke Blink


You were on level 2 of the Snake Pit.
You worshipped Vehumet.
Vehumet was extremely pleased with you.
You visited 5 branches of the dungeon, and saw 25 of its levels.
You also visited: Sewer, Ossuary and Ice Cave.

You collected 2822 gold pieces.
You spent 1595 gold pieces at shops.

Inventory:

Hand Weapons
 c - a +1 flail of protection
 r - the +1 quarterstaff of the Mind (weapon) {flame, rC+ rN+ rCorr}
   (You found it on level 15 of the Dungeon)

   rC+:       It protects you from cold.
   rN+:       It protects you from negative energy.
   rCorr:     It protects you from acid and corrosion.
Armour
 a - a +2 pair of boots (worn)
 x - the +4 skin of Zhor (worn) {*Englaciate rC+++ SInv}
   (You found it in an ice cave)

   *Englaciate: It radiates cold, occasionally slowing all nearby creatures who
   are not resistant to cold.
   rC+++:     It renders you almost immune to cold.
   SInv:      It lets you see invisible.
 S - a +2 helmet (worn)
 T - a +0 cloak (worn)
Jewellery
 n - the amulet "Ylatyuc" (around neck) {Faith +Blink rPois rC+ Int+2}
   (You acquired it on level 2 of the Dungeon)

   [amulet of faith]

   Faith:     It allows you to gain divine favour quickly.
   Int+2:     It affects your intelligence (+2).
   rC+:       It protects you from cold.
   rPois:     It protects you from poison +Blink: It lets you blink.
 C - a ring of positive energy (right hand)
 H - a ring of protection from fire (left hand)
Talismans
 b - the serpent talisman of the Harvest {Will+ Int-5 Stlth+}
   (You took it off Aizul on level 1 of the Snake Pit)

   [serpent talisman]

   Int-5:     It affects your intelligence (-5).
   Will+:     It increases your willpower.
   Stlth+:    It makes you more stealthy.
Wands
 h - a wand of flame (20)
 B - a wand of mindburst (23)
 F - a wand of polymorph (10)
 I - a wand of iceblast (22)
 P - a wand of quicksilver (27)
 U - a wand of paralysis (22)
Scrolls
 e - 3 scrolls of amnesia
 f - a scroll of identify
 o - 6 scrolls of teleportation
 p - 4 scrolls of fog
 s - 2 scrolls of brand weapon
 D - 2 scrolls of butterflies
Potions
 d - 3 potions of invisibility
 g - 2 potions of haste
 j - 4 potions of cancellation
 k - 2 potions of enlightenment
 m - a potion of heal wounds
 t - 4 potions of curing
 u - 7 potions of lignification
 v - 3 potions of ambrosia
 w - 8 potions of brilliance
 L - 3 potions of resistance


   Skills:
 + Level 9.9 Fighting
 + Level 12.8 Dodging
 - Level 9.0 Stealth
 * Level 20.6 Spellcasting
 - Level 17.7 Conjurations
 - Level 8.0 Hexes
 + Level 4.5 Evocations


You had 9 spell levels left.
You knew the following spells:

 Your Spells              Type           Power      Damage    Failure   Level
a - Magic Dart            Conj           100%       1d8       0%          1
b - Searing Ray           Conj           100%       2d8       0%          2
c - Fulminant Prism       Conj/Alch      37%        3d18      1%          4
d - Iskenderun's Mystic   Conj/Tloc      74%        2d15      1%          4
e - Hailstorm             Conj/Ice       74%        3d13      1%          3
f - Dazzling Flash        Conj/Hex       100%       N/A       0%          3
g - Mephitic Cloud        Conj/Alch/Air  63%        N/A       1%          3
h - Freezing Cloud        Conj/Ice/Air   31%        6-21      1%          5
i - Starburst             Conj/Fire      37%        6d11      1%          6
j - Fireball              Conj/Fire      37%        3d15      1%          5
k - Conjure Ball Lightni  Conj/Air       37%        3x3d12    1%          6
l - Iskenderun's Battles  Conj           98%        2d14      0%          5

Your spell library contained the following spells:

 Spells                   Type           Power      Damage    Failure   Level
 Ozocubu's Refrigeration  Ice            16%        4d11      88%         7
 Freeze                   Ice            100%       1d10      1%          1
 Slow                     Hex            100%       N/A       1%          1
 Summon Small Mammal      Summ           100%       N/A       1%          1
 Mercury Vapours          Alch/Air       64%        N/A       1%          2
 Confusing Touch          Hex            71%        N/A       1%          3
 Frozen Ramparts          Ice            64%        1d10      1%          3
 Sigil of Binding         Hex            71%        N/A       1%          3
 Volatile Blastmotes      Fire/Tloc      64%        2d15      1%          3
 Dimensional Bullseye     Hex/Tloc       27%        N/A       1%          4
 Call Canine Familiar     Summ           32%        N/A       3%          3
 Summon Ice Beast         Ice/Summ       32%        N/A       3%          3
 Vampiric Draining        Necr           32%        2d8       3%          3
 Manifold Assault         Tloc           32%        N/A       11%         4
 Summon Blazeheart Golem  Fire/Summ      32%        N/A       11%         4
 Dispersal                Tloc           16%        N/A       85%         6
 Sculpt Simulacrum        Ice/Alch       16%        N/A       85%         6
 Disjunction              Tloc           16%        N/A       100%        8
 Maxwell's Capacitive Co  Air            16%        ∞         100%        8


Dungeon Overview and Level Annotations

Branches:
Dungeon (15/15)            Temple (1/1) D:7            Lair (5/5) D:9
 Shoals (0/4) Lair:3        Snake (2/4) Lair:3        Slime (0/5) Lair:4
    Orc (2/2) D:10            Elf (0/3) Orc:2        Vaults (0/5) D:13
 Depths (0/4) D:15          Sewer (visited)         Ossuary (visited)
  IceCv (visited)

Altars:
Ashenzari
Cheibriados
Dithmenos
Elyvilon
Fedhas
Gozag
Hepliaklqana
Kikubaaqudgha
Makhleb
Nemelex Xobeh
Okawaru
Qazlal
Ru
Sif Muna
Trog
Uskayaw
Vehumet
Wu Jian
Xom
Yredelemnul
Zin
The Shining One
Jiyva

Shops:
D:2 ![*!   D:5 *   D:10 !   D:11 (   Orc:2 *   Snake:1 *

Portals:
Trove: D:11 (give +0 pearl dragon scales)

Annotations:
D:5 exclusion: oklob plant


Message History

The anaconda is lightly wounded.
The shock serpent barely misses you.
The shock serpent shoots out a bolt of lightning at you!
The bolt of electricity hits you!!
Casting: Magic Dart (safe; 0% risk of failure)
Confirm with . or Enter, or press ? or * to list all spells.
Aiming: Fireball (mildly dangerous; 1% risk of failure)
Press: ? - help, Shift-Dir - straight line, p - shock serpent The fireball explodes!
The fireball engulfs the anaconda!!
The anaconda is heavily wounded.
The fireball engulfs the shock serpent!!
The shock serpent is severely wounded.
The shock serpent's electric aura discharges, shocking you!
You hear a shout!
You hear an angry hiss.
Your battlesphere fires!
The barrage of energy hits the anaconda!!
The anaconda is almost dead.
The shock serpent bites you! The shock serpent shocks you!
* * * LOW HITPOINT WARNING * * *
Casting: Fireball (mildly dangerous; 1% risk of failure)
Confirm with . or Enter, or press ? or * to list all spells.
You erupt in a blast of force!
The mystic blast hits the shock serpent.
The shock serpent is severely wounded.
The shock serpent is knocked back by the mystic blast.
The mystic blast hits the anaconda!
You kill the anaconda!
Vehumet accepts your kill.
You feel your power returning.
The shock serpent's electric aura discharges, shocking you!
* * * LOW HITPOINT WARNING * * *
You hear a shout!
Your battlesphere fires!
The barrage of energy hits the shock serpent!
The shock serpent is almost dead.
The shock serpent's electric aura discharges, shocking you!
* * * LOW HITPOINT WARNING * * *
The shock serpent shoots out a bolt of lightning at you!
The bolt of electricity hits you!!
You die...

........... .......... ..........
......... ##### ......... #..
#...## #..*..... #...
#....#######........
#...##...................
#...##........).@..S.....
#...##...##..............
.........##..............
......>..##..............
.........##...............
.........##..............(.
.........#############....#
....##....############....#######
....##....................##.....


You could see a shock serpent (ally target) and a friendly battlesphere.

Vanquished Creatures
  Nikola (Snake:1)
  Rupert (Lair:4)
  Asterion (Snake:1)
  Kirke (Snake:1)
  Aizul (Snake:1)
  A stone giant (D:15)
  A rakshasa (D:15)
  3 catoblepae
  3 centaur warriors
  8 hydras
  2 anacondas
  2 boulder beetles
  8 two-headed ogres
  A death knight (D:15)
  2 tengu warriors (D:15)
  A death yak (Lair:5)
  2 shock serpents (Snake:1)
  4 naga sharpshooters (Snake:1)
  Sonja (Lair:2)
  Amaemon (D:8)
  2 skysharks
  4 mana vipers (Snake:1)
  A bog body (IceCv)
  Pikel (D:8)
  2 necromancers
  A deep elf zephyrmancer (D:13)
  A deep elf pyromancer (D:13)
  An orc knight (D:13)
  4 oklob plants (Lair:4)
  6 ugly things
  4 manticores
  8 cyclopes
  Maurice (D:8)
  11 elephants
  A salamander (Snake:1)
  2 meliai (shapeshifter)
  3 naga magi (Snake:1)
  4 black mambas
  2 ice statues (IceCv)
  A torpor snail (Lair:3)
  7 slime creatures
  11 cane toads
  Jeremiah (D:6)
  A freezing wraith (D:15)
  4 yaktaurs (D:15)
  3 komodo dragons
  4 rime drakes
  2 anaconda simulacra (IceCv)
  A kobold demonologist (D:13)
  A tengu conjurer (D:14)
  An efreet (D:14)
  5 ice devils (IceCv)
  4 trolls
  5 hornets (Lair:5)
  8 polar bears
  Grinder (D:4)
  6 blink frogs
  24 dream sheep
  2 dire elephant simulacra (IceCv)
  15 spriggans (Lair:5)
  15 wyverns
  A shadow (D:11)
  41 yaks
  4 wraiths
  15 basilisks
  2 hogs (Snake:1)
  A steam dragon (D:8)
  5 vampire mosquitoes
  Edmund (D:6)
  3 harpy simulacra (IceCv)
  8 nagas
  5 acid dragons
  A hell hound (D:14)
  3 hydra simulacra (IceCv)
  10 water moccasins
  A swamp drake (D:10)
  Pargi (Sewer)
  2 ice beasts (D:7)
  A sky beast (D:7)
  8 orc warriors
  5 black bears
  4 ogres
  29 wolves
  4 boggarts (Lair:5)
  12 centaurs
  3 lemures
  A phantom (D:7)
  3 kobold brigands
  A weeping skull (Ossuary)
  11 bullfrogs
  A gnoll sergeant (D:8)
  A two-headed ogre simulacrum (IceCv)
  7 wights
  An elephant simulacrum (IceCv)
  18 killer bees
  5 spriggan skeletons (D:9)
  A troll skeleton (D:9)
  7 howler monkeys
  3 electric eels
  3 bullfrog zombies (Ossuary)
  A human zombie (Ossuary)
  3 bombardier beetles
  2 centaur zombies (Ossuary)
  4 hounds
  3 jellies
  2 gnoll boudas
  4 orc priests
  A sleepcap (D:4)
  7 iguanas
  2 scorpion zombies (Ossuary)
  14 orc wizards
  4 hell rats (D:14)
  A statue (D:6)
  A troll simulacrum (IceCv)
  An ogre zombie (Ossuary)
  15 gnolls
  9 adders
  A naga simulacrum (IceCv)
  4 shadow imps
  2 white imps (D:6)
  3 ufetubi
  4 adder zombies (Ossuary)
  2 dart slugs (D:1)
  41 orcs
  3 ball pythons
  6 endoplasms
  4 giant cockroaches
  2 gnoll zombies (Ossuary)
  14 goblins
  6 hobgoblins
  4 jackals (Sewer)
  2 quokkas
  5 bats
  2 goblin zombies (Ossuary)
  3 hobgoblin zombies (Ossuary)
  22 kobolds
  6 orc zombies (Ossuary)
  2 rats (D:2)
  A fulminant prism (D:10)
672 creatures vanquished.

Vanquished Creatures (others)
  A shadow imp (D:6)
  6 ball lightnings
  134 fulminant prisms
141 creatures vanquished.

Grand Total: 813 creatures vanquished

Notes
Turn   | Place    | Note
-------+----------+-------------------------------------------
     0 | D:1      | Agnarh the Deep Elf Conjurer began the quest for the Orb.
     0 | D:1      | Reached XP level 1. HP: 10/10 MP: 6/6
   268 | D:1      | Reached XP level 2. HP: 15/15 MP: 2/8
   531 | D:1      | Reached skill level 5 in Conjurations
  1011 | D:2      | Found Ric Sias's Distillery.
  1096 | D:2      | Reached XP level 3. HP: 19/19 MP: 7/10
  1245 | D:2      | Identified the +1 robe of Fedhas's Delight {rPois rN+}
  1376 | D:2      | Found Ufeutira's Distillery.
  1478 | D:2      | Found Voaneol's General Store.
  1606 | D:2      | Reached skill level 4 in Spellcasting
  1609 | D:2      | Learned a level 2 spell: Searing Ray
  1792 | D:2      | Noticed an animated gold dragon scales
  1795 | D:2      | Found Notoqo's Armour Boutique.
  1795 | D:2      | Noticed an animated pearl dragon scales
  1943 | D:2      | Found Ziroar's Magic Scroll Boutique.
  1953 | D:2      | Bought a scroll of identify for 26 gold pieces
  1957 | D:2      | Identified 3 scrolls of acquirement
  1959 | D:2      | Acquired the ring "Nusirr" {rC+ Will+ rCorr Str+6 Int-2}
  1962 | D:2      | Acquired the amulet "Ylatyuc" {Faith +Blink rPois rC+
                  | Int+2}
  1964 | D:2      | Acquired 1002 gold pieces
  1967 | D:2      | Bought a scroll of noise for 13 gold pieces
  1967 | D:2      | Bought a scroll of teleportation for 39 gold pieces
  1967 | D:2      | Bought a scroll of fog for 52 gold pieces
  1967 | D:2      | Bought a scroll of enchant armour for 97 gold pieces
  1967 | D:2      | Bought a scroll of enchant weapon for 97 gold pieces
  1967 | D:2      | Bought a scroll of identify for 26 gold pieces
  1967 | D:2      | Bought a scroll of identify for 26 gold pieces
  1967 | D:2      | Bought a scroll of identify for 26 gold pieces
  1967 | D:2      | Bought a scroll of identify for 26 gold pieces
  2090 | D:2      | Bought a potion of haste for 130 gold pieces
  2090 | D:2      | Bought a potion of curing for 39 gold pieces
  2090 | D:2      | Bought a potion of lignification for 39 gold pieces
  2090 | D:2      | Bought a potion of ambrosia for 104 gold pieces
  2117 | D:2      | Bought a potion of brilliance for 48 gold pieces
  2117 | D:2      | Bought a scroll of amnesia for 48 gold pieces
  2150 | D:2      | Bought a potion of degeneration for 14 gold pieces
  2150 | D:2      | Bought a potion of mutation for 112 gold pieces
  2268 | D:3      | Reached XP level 4. HP: 24/24 MP: 6/12
  2310 | D:3      | Found a burning altar of Makhleb.
  2467 | D:3      | Noticed an angel
  2468 | D:3      | Found a glowing silver altar of Zin.
  2581 | D:3      | Learned a level 4 spell: Fulminant Prism
  2586 | D:3      | Learned a level 4 spell: Iskenderun's Mystic Blast
  3141 | D:4      | Reached XP level 5. HP: 23/28 MP: 8/14
  3274 | D:4      | Noticed Grinder
  3283 | D:4      | Killed Grinder
  3284 | D:4      | Reached XP level 6. HP: 25/32 MP: 3/15
  3623 | D:4      | Found a shadowy altar of Dithmenos.
  3891 | D:4      | Found a broken altar of Ashenzari.
  3898 | D:4      | Reached XP level 7. HP: 36/36 MP: 12/16
  3956 | D:4      | Found a hide-covered altar of Uskayaw.
  3956 | D:4      | Noticed a +0 dagger
  3957 | D:4      | Noticed a +0 spear
  3957 | D:4      | Noticed a +0 spear
  3958 | D:4      | Noticed a +0 falchion
  3958 | D:4      | Noticed a +0 dagger
  3958 | D:4      | Noticed a +0 short sword
  3959 | D:4      | Noticed a +0 falchion
  3959 | D:4      | Noticed a +0 short sword
  4277 | D:5      | Entered Level 5 of the Dungeon
  4319 | D:5      | Found an iron altar of Okawaru.
  4544 | D:5      | Found a glowing drain.
  4568 | Sewer    | Entered a sewer
  4659 | Sewer    | Noticed Pargi
  4664 | Sewer    | Killed Pargi
  4665 | Sewer    | Reached skill level 10 in Conjurations
  4810 | D:5      | Reached skill level 5 in Spellcasting
  4814 | D:5      | Found a bloodstained altar of Trog.
  4851 | D:5      | Found Udwiral's Lightly-Used Armoury.
  4941 | D:5      | Found a blossoming altar of Fedhas.
  4966 | D:5      | Noticed an oklob plant
  5061 | D:5      | Reached XP level 8. HP: 41/41 MP: 12/17
  5568 | D:6      | Found a sacrificial altar of Ru.
  5575 | D:6      | Reached skill level 6 in Spellcasting
  5625 | D:6      | Noticed Jeremiah
  5798 | D:6      | Killed Jeremiah
  6153 | D:6      | Reached skill level 7 in Spellcasting
  6208 | D:6      | Found a stormy altar of Qazlal.
  6260 | D:6      | Noticed Edmund
  6411 | D:6      | Killed Edmund
  6634 | D:6      | Found a radiant altar of Vehumet.
  6646 | D:6      | Reached XP level 9. HP: 32/45 MP: 11/22
  6738 | D:6      | Became a worshipper of Vehumet
  6954 | D:7      | Reached skill level 8 in Spellcasting
  7163 | D:7      | Found a sand-covered staircase.
  7168 | Ossuary  | Entered an ossuary
  7178 | Ossuary  | Reached * piety under Vehumet
  7178 | Ossuary  | Offered knowledge of Sandblast by Vehumet.
  7629 | Ossuary  | Reached skill level 9 in Spellcasting
  7795 | Ossuary  | Noticed a silent spectre
  7866 | D:7      | Reached ** piety under Vehumet
  7879 | D:7      | Learned a level 3 spell: Hailstorm
  7972 | D:7      | Found a white marble altar of Elyvilon.
  7975 | D:7      | Offered knowledge of Mercury Vapours by Vehumet.
  8324 | D:7      | Found a staircase to the Ecumenical Temple.
  8340 | Temple   | Entered the Ecumenical Temple
  8399 | D:7      | Offered knowledge of Dazzling Flash by Vehumet.
  8404 | D:7      | Learned a level 3 spell: Dazzling Flash
  8716 | D:8      | Reached XP level 10. HP: 47/51 MP: 17/25
  8861 | D:8      | Noticed Pikel
  8925 | D:8      | Reached skill level 10 in Spellcasting
  8983 | D:8      | Reached *** piety under Vehumet
  8984 | D:8      | Reached skill level 1 in Fighting
  9102 | D:8      | Noticed Maurice
  9112 | D:8      | Killed Maurice
  9390 | D:8      | Noticed Amaemon
  9405 | D:8      | Killed Amaemon
  9413 | D:8      | Noticed an orange demon
  9639 | D:8      | Offered knowledge of Airstrike by Vehumet.
  9640 | D:8      | Reached skill level 11 in Spellcasting
 10098 | D:8      | Killed Pikel
 10219 | D:8      | Noticed a two-headed ogre
 10229 | D:8      | Killed a two-headed ogre
 10545 | D:9      | Reached skill level 15 in Conjurations
 10557 | D:9      | Noticed a two-headed ogre
 10749 | D:9      | Killed a two-headed ogre
 10750 | D:9      | Reached skill level 1 in Hexes
 10750 | D:9      | Reached XP level 11. HP: 62/62 MP: 17/28
 10848 | D:9      | Found a staircase to the Lair.
 10878 | D:9      | Reached **** piety under Vehumet
 11059 | D:9      | Found a sparkling altar of Nemelex Xobeh.
 11249 | D:9      | Offered knowledge of Flame Wave by Vehumet.
 11853 | D:9      | Learned a level 3 spell: Mephitic Cloud
 11955 | D:10     | Entered Level 10 of the Dungeon
 11959 | D:10     | Noticed a two-headed ogre
 11966 | D:10     | Killed a two-headed ogre
 11967 | D:10     | Reached skill level 5 in Fighting
 11967 | D:10     | Reached skill level 5 in Stealth
 12562 | D:10     | Reached skill level 5 in Dodging
 12893 | D:10     | Found Qed Kaal's Distillery.
 12899 | D:10     | Bought a potion of curing for 33 gold pieces
 12907 | D:10     | Found an opulent altar of Gozag.
 13544 | D:10     | Found a staircase to the Orcish Mines.
 13735 | D:10     | Reached ***** piety under Vehumet
 13736 | D:10     | Offered knowledge of Starburst by Vehumet.
 13920 | D:11     | Noticed a two-headed ogre
 13929 | D:11     | Killed a two-headed ogre
 14360 | D:11     | Found a broken altar of Ashenzari.
 14622 | D:11     | Found Veonots's Weapon Shop.
 14628 | D:11     | Noticed a two-headed ogre
 14638 | D:11     | Killed a two-headed ogre
 15094 | D:11     | Noticed a boulder beetle
 15396 | D:11     | Found a portal to a secret trove of treasure.
 15800 | Lair:1   | Entered Level 1 of the Lair of Beasts
 16308 | D:2      | Bought a potion of experience for 600 gold pieces
 16308 | D:2      | Reached skill level 15 in Spellcasting
 16308 | D:2      | Reached XP level 12. HP: 71/71 MP: 28/33
 16657 | Lair:1   | Reached XP level 13. HP: 76/76 MP: 30/34
 16669 | Lair:1   | Learned a level 5 spell: Freezing Cloud
 16676 | Lair:1   | Learned a level 6 spell: Starburst
 16840 | Lair:1   | Identified the +5 falchion of Beytewue {heavy, rCorr}
 18503 | Lair:2   | Noticed Sonja
 18535 | Lair:2   | Killed Sonja
 19662 | Lair:3   | Found a staircase to the Snake Pit.
 19870 | Lair:3   | Reached skill level 16 in Spellcasting
 20499 | Lair:3   | Found a staircase to the Shoals.
 21406 | Lair:4   | Offered knowledge of Eringya's Noxious Bog by Vehumet.
 21419 | Lair:4   | Noticed Rupert
 21974 | Lair:4   | Paralysed by Rupert for 3 turns
 21980 | Lair:4   | Killed Rupert
 21981 | Lair:4   | Reached XP level 14. HP: 50/82 MP: 13/36
 22668 | Lair:4   | Offered knowledge of Fireball by Vehumet.
 22675 | Lair:4   | Learned a level 5 spell: Fireball
 22732 | Lair:4   | Found a staircase to the Slime Pits.
 22732 | Lair:4   | Found a viscous altar of Jiyva.
 23256 | Lair:4   | Identified the +1 giant club of the Scroll {flame, +Blink
                  | rPois MP-9 Str+9}
 23984 | Orc:1    | Entered Level 1 of the Orcish Mines
 24360 | Orc:2    | Entered Level 2 of the Orcish Mines
 24360 | Orc:2    | Noticed a stone giant
 24360 | Orc:2    | Found Inoelaus's General Store.
 24643 | D:13     | Reached skill level 17 in Spellcasting
 24908 | D:13     | Reached skill level 10 in Dodging
 25811 | D:13     | Found a gate to the Vaults.
 26917 | D:14     | Reached skill level 5 in Hexes
 27646 | D:14     | Offered knowledge of Conjure Ball Lightning by Vehumet.
 27654 | D:14     | Learned a level 6 spell: Conjure Ball Lightning
 27748 | D:14     | Reached skill level 18 in Spellcasting
 28240 | D:15     | Entered Level 15 of the Dungeon
 28597 | D:15     | Reached XP level 15. HP: 54/89 MP: 15/39
 28683 | D:15     | Found a sparkling altar of Nemelex Xobeh.
 29565 | D:15     | Found a staircase to the Depths.
 29867 | D:15     | Identified the +1 quarterstaff of the Mind {flame, rC+ rN+
                  | rCorr}
 30186 | Lair:5   | Entered Level 5 of the Lair of Beasts
 30376 | Lair:5   | Offered knowledge of Iskenderun's Battlesphere by Vehumet.
 30383 | Lair:5   | Learned a level 5 spell: Iskenderun's Battlesphere
 30450 | Lair:5   | Reached skill level 19 in Spellcasting
 30562 | Lair:5   | Found a frozen archway.
 30571 | IceCv    | Entered an ice cave
 30745 | IceCv    | Found the +4 skin of Zhor {*Englaciate rC+++ SInv}
 31525 | Lair:5   | Reached skill level 1 in Evocations
 31735 | Lair:5   | Offered knowledge of Ozocubu's Refrigeration by Vehumet.
 32112 | Lair:5   | Found the +16 obsidian axe {drain, demonic, Mesm ^Drain Fly
                  | SInv}
 33308 | Snake:1  | Entered Level 1 of the Snake Pit
 33520 | Snake:1  | Reached skill level 20 in Spellcasting
 33558 | Snake:1  | Noticed Asterion
 33567 | Snake:1  | Killed Asterion
 33583 | Snake:1  | Identified the serpent talisman of the Harvest {Will+ Int-5
                  | Stlth+}
 33583 | Snake:1  | Noticed Aizul
 33826 | Snake:1  | Killed Aizul
 34249 | Snake:1  | Noticed Nikola
 34267 | Snake:1  | Killed Nikola
 34461 | Snake:1  | Reached XP level 16. HP: 94/97 MP: 38/42
 34547 | Snake:1  | Found Ycilum's General Store.
 34748 | Snake:1  | Noticed Kirke
 34766 | Snake:1  | Killed Kirke
 35205 | Snake:2  | Killed from afar by a shock serpent

Illustrated notes

Levels and vault maps discovered:
D:1:      dpeg_arrival_central, layout_loops_ring, grunt_decor_one_mirror,
          serial_bayou_lagoon_a, kennysheep_flooded_box
D:2:      layout_loops_corners, serial_shops, nicolae_shop_mannequins,
          nicolae_lakefront_shop, nicolae_shop_advertising_works
          [nicolae_subvault_shop_adworks], shop_fountains, shop
D:3:      layout_loops_ring, zin_angel, bloody_makhleb
D:4:      layout_loops_ring, mainiacjoe_overflow_alcove_2,
          nicolae_uskayaw_en_pointe, grunt_dithmenos_smoke_and_mirrors,
          kennysheep_crisscross, corexii_checkpoint, dreamdust_gnoll_farm,
          uniq_grinder
D:5:      layout_loops_ring, kennysheep_mini_moat, mainiacjoe_overflow_24_doors,
          tgw_fedhas, gup_sewer_entry_glass, minmay_shop_damaged
D:6:      layout_loops_ring, nicolae_ru_great_annihilating_truth,
          vehumet_statue, general_overflow_altar, lemuel_flame_loot_1,
          uniq_edmund, uniq_jeremiah
D:7:      minmay_spotlight, layout_loops_ring, elyvilon_altar_5,
          minmay_temple_entry_mini_moons, enter_bailey_5,
          nicolae_ossuary_entry_ruins
D:8:      layout_basic, serial_bayou_pond_d, uniq_maurice, uniq_amaemon,
          uniq_pikel
D:9:      layout_rooms, kennysheep_little_box, lair_entry_dummy,
          small_statue_intersection, hex_intersection, hangedman_tell_no_tales
D:10:     layout_basic, lemuel_crystal_altar, erik_orc_1, serial_shops,
          nicolae_diamond_shop
D:11:     layout_basic, serial_shops, nicolae_shop_statue_plus,
          nicolae_trove_entry_diagonal, minmay_misc_feat_columns,
          evilmike_ruin_ashenzari
D:12:     layout_small_grid, special_room [special_room_orc],
          serial_bayou_pond_a
D:13:     layout_basic, david_vaults_1
D:14:     layout_basic, special_room [special_room_mythical_zoo],
          nrook_mini_vaults
D:15:     grunt_enter_depths_snipers, layout_basic, gauntlet_entry_generic,
          nemelex_xobeh_ov_fountains_minmay
Temple:   hellmonk_temple_two_chambers
Lair:1:   layout_regular_city, grunt_forest_stairs_basic
Lair:2:   layout_small_grid, minivault_23, hangedman_lair_unloving_vines,
          serial_bayou_shore_b, serial_bayou_shore_a, uniq_sonja
Lair:3:   layout_regular_city, minmay_shoals_entry_beasts,
          minmay_snake_entry_guardpost_small, serial_bayou_shore_b
Lair:4:   minmay_lair_oklob_chamber, layout_cave_shapes, slime_entry_1,
          chequers_serial_rivers_micro_d, uniq_rupert
Lair:5:   minmay_lair_end_enchanted_forest, layout_hall_layers,
          portal_ice_cave_entry_pillars_1, grunt_megastairs_2, lemuel_fruit_tree
Snake:1:  layout_rooms, serial_shops, shop, st_stairs_7, uniq_nikola,
          uniq_asterion, uniq_aizul, uniq_kirke
Snake:2:  layout_grid_maze, gammafunk_ghost_grave, uniq_vashnia
Orc:1:    layout_caves
Orc:2:    grunt_orc_gardens, layout_caves, grunt_orc_garden, grunt_orc_garden,
          grunt_orc_garden, grunt_orc_garden, basic_altar,
          gammafunk_ghost_berserking_beasts, blackcustard_mines_bat_river

Skill      XL: |  1  2  3  4  5  6  7  8  9 10 11 12 13 14 15 |
---------------+----------------------------------------------+-----
Conjurations   | 5 6 8 10 12 14 15 16 17 | 17.7
Spellcasting   | 4 5 7 9 11 15 16 18 20 | 20.6
Fighting       | 4 6 7 8 9 |  9.9
Dodging        | 3 6 9 11 12 | 12.8
Stealth        | 3 7 9 |  9.0
Hexes          | 1 4 6 8 |  8.0
Evocations     | 4 |  4.5

Action                     |  1- 3 |  4- 6 |  7- 9 | 10-12 | 13-15 | 16-18 || total
---------------------------+-------+-------+-------+-------+-------+-------++-------
  Melee: Flail             |       |     6 |    29 |     6 |     9 |       ||    50
         Rapier            |       |     3 |       |       |       |       ||     3
   Cast: Magic Dart        |    50 |    31 |   156 |   115 |   188 |    14 ||   554
         Searing Ray       |     1 |     9 |    56 |    72 |    75 |       ||   213
         Fulminant Prism   |       |     2 |    10 |    72 |    53 |       ||   137
         Iskenderun's Myst |       |       |     1 |    19 |   199 |     1 ||   220
         Mephitic Cloud    |       |       |       |     4 |     8 |       ||    12
         Freezing Cloud    |       |       |       |       |    28 |     2 ||    30
         Starburst         |       |       |       |       |     1 |       ||     1
         Fireball          |       |       |       |       |   250 |    10 ||   260
         Conjure Ball Ligh |       |       |       |       |     3 |       ||     3
         Iskenderun's Batt |       |       |       |       |    25 |     2 ||    27
Ability: Evoke Blink       |       |       |       |     3 |     2 |       ||     5
  Evoke: Wand              |       |       |       |       |     4 |       ||     4
    Use: Scroll            |     9 |     1 |     2 |    12 |     9 |       ||    33
         Potion            |       |       |       |     1 |    15 |       ||    16
 Armour: Robe              |       |    13 |   109 |   100 |   120 |       ||   342
         Animal skin       |       |       |       |       |    28 |    15 ||    43
  Dodge: Dodged            |       |    13 |   100 |    70 |    62 |     1 ||   246
  Block: Buckler           |       |       |       |       |    27 |       ||    27
